 Dungeon Crawl Stone Soup version 0.30-a0-718-geaa24f58ff (webtiles) character file.

Game seed: 64301098278793402

1174 ASSMAN the Martial Artist (level 8, -1/54 HPs)
             Began as a Demonspawn Transmuter on Jan 25, 2023.
             Killed from afar by Dowan (22 damage)
             ... with a shard of ice
             ... on level 4 of the Dungeon.
             The game lasted 00:06:13 (5096 turns).

ASSMAN the Martial Artist (Demonspawn Transmuter)   Turns: 5096, Time: 00:06:14

Health: -1/54      AC:  9    Str: 18    XL:     8   Next: 18%
Magic:  11/11      EV: 10    Int: 16    God:
Gold:   283        SH:  0    Dex: 13    Spells: 10/11 levels left

rFire   + . .      SeeInvis .      - Unarmed
rCold   . . .      Faith    .    (no shield)
rNeg    . . .      Spirit   .    C - +1 scale mail {rF+}
rPois   .          Reflect  .    a - +1 helmet
rElec   .          Harm     .    (no cloak)
rCorr   .          Rampage  .    (no gloves)
Will    .....                    (no boots) Stlth
                                 (no amulet)
HPRegen 0.29/turn                p - +6 ring of strength
MPRegen 0.12/turn                e - ring of flight

@: flying
A: claws 1, hooves 2
a: no special abilities


You were on level 4 of the Dungeon.
You visited 1 branch of the dungeon, and saw 7 of its levels.
You also visited: Ossuary.

You collected 283 gold pieces.

Inventory:

Missiles
 k - a throwing net
Armour
 a - a +1 helmet (worn)
 C - a +1 scale mail of fire resistance (worn)
Magical Staves
 m - a staff of air
Jewellery
 e - a ring of flight (right claw)
 g - a ring of ice
 h - a ring of positive energy
 p - a +6 ring of strength (left claw)
 x - a ring of see invisible
 y - a ring of resist corrosion
 D - a +4 ring of protection
Wands
 G - a wand of paralysis (10)
Scrolls
 f - a scroll of summoning {unknown}
 i - 2 scrolls of amnesia {unknown}
 l - a scroll of enchant weapon {unknown}
 n - a scroll of magic mapping {unknown}
 q - 2 scrolls of fog {unknown}
 r - a scroll of poison {unknown}
 t - a scroll of immolation {unknown}
 u - 3 scrolls of noise {unknown}
 v - a scroll of brand weapon {unknown}
 w - 2 scrolls of torment {unknown}
 B - 2 scrolls of vulnerability {unknown}
 F - a scroll of silence {unknown}
 H - a scroll of teleportation {unknown}
 K - a scroll of identify
 L - a scroll of fear {unknown}
Potions
 b - 2 potions of lignification
 c - a potion of haste
 d - 2 potions of invisibility
 j - 2 potions of flight
 o - a potion of cancellation
 s - 6 potions of heal wounds
 z - a potion of magic
 A - 3 potions of curing
 E - a potion of brilliance
 I - a potion of ambrosia {unknown}
 J - a potion of mutation {unknown}


   Skills:
 - Level 1.0 Fighting
 - Level 1.7 Dodging
 + Level 9.4 Unarmed Combat
 - Level 2.0 Spellcasting
 - Level 1.7 Transmutations


You had 10 spell levels left.
You knew the following spells:

 Your Spells              Type           Power      Damage    Failure   Level
a - Beastly Appendage     Tmut           14%        N/A       34%         1

Your spell library contained the following spells:

 Spells                   Type           Power      Damage    Failure   Level
 Wereblood                Tmut           7%         N/A       45%         2
 Foxfire                  Conj/Fire      4%         2x1d4     56%         1
 Necrotise                Necr           4%         1d4       56%         1
 Cigotuvi's Dreadful Rot  Necr/Pois/Air  2%         N/A       71%         2
 Spider Form              Tmut/Pois      4%         N/A       83%         3
 Ozocubu's Armour         Ice            1%         N/A       91%         3
 Vampiric Draining        Necr           1%         2d6       91%         3
 Ice Form                 Ice/Tmut       4%         N/A       99%         4
 Dispel Undead            Necr           1%         3d6       100%        4
 Olgreb's Toxic Radiance  Pois           1%         N/A       100%        4
 Agony                    Necr           1%         N/A       100%        5
 Fireball                 Conj/Fire      0%         3d3       100%        5
 Metabolic Englaciation   Hex/Ice        0%         N/A       100%        5
 Death Channel            Necr           0%         N/A       100%        6
 Simulacrum               Ice/Necr       0%         N/A       100%        6
 Starburst                Conj/Fire      0%         6d3       100%        6
 Ozocubu's Refrigeration  Ice            0%         4d7       100%        7
 Ignition                 Fire           0%         3d3       100%        8


Dungeon Overview and Level Annotations

Branches:
Dungeon (7/15)            Ossuary (visited)
 Temple: D:4-7

Altars:
Fedhas
Nemelex Xobeh
Xom

Annotations:
D:4 Dowan


Innate Abilities, Weirdness & Mutations

You have sharp fingernails.
You have hoof-like feet.


Message History

You scratch Duvessa.
Duvessa is heavily wounded.
You scratch Duvessa.
Duvessa is severely wounded.
Duvessa hits you with a +0 short sword.
You scratch Duvessa. You kick Duvessa, but do no damage.
Duvessa is severely wounded.
Duvessa hits you with a +0 short sword.
You claw Duvessa! You kick Duvessa, but do no damage. You claw Duvessa.
You kill Duvessa!
You hear a distant wail of despair.
No target in view!
You start resting.
Dowan, Brother of Duvessa comes into view.
He is wielding a +1 dagger of protection.
Dowan is nearby!
Dowan is nearby!
A goblin comes into view. It is wielding a +0 dagger.
Dowan seems to find hidden reserves of power!
Dowan casts a spell.
Dowan blinks!
Things that are here:
a +0 short sword; a +0 ring mail; the elf corpse of Duvessa Dowan casts a spell at you.
The shard of ice hits you!! The goblin hits you but does no damage.
You are too injured to fight recklessly!
The goblin hits you with a +0 dagger.
You scratch Dowan but do no damage. Dowan hits you but does no damage.
The goblin hits you with a +0 dagger. Dowan completely misses you.
You scratch Dowan.
Dowan is lightly wounded.
Dowan hits you with a +1 dagger of protection.
The goblin hits you but does no damage.
You claw Dowan! Your kick misses Dowan.
Dowan is heavily wounded.
Dowan hits you with a +1 dagger of protection.
You scratch Dowan. You kick Dowan, but do no damage.
Dowan is severely wounded.
Dowan casts a spell at you. The shard of ice hits you!!
You die...

..... #....#....#....#..........
####. #...##....#.##.####.###..#
..######...#....##.##.####.###..#
...........#....#.......#........
...........#...)#.......#........
...........#>...#.......'........
.<##..####.#....#####...###.##.##
####..####+##.......#...######.##
.........# #..g@...#....#......#
.........# +....e..#....#......#
.........# #.......#....#......#
.........# #.......#....#......#
####.##.## #.......#######.##.##
####.#####.#....##'## ##.#####
#..........#....# .. #.....<.
+..........+.... ... +...)...
##[........# ##.##[.#


You could see Dowan (fast) and a goblin.

Vanquished Creatures
  A hornet (D:4)
  Duvessa (D:4)
  A water moccasin (D:5)
  An ogre (D:5)
  A necrophage (D:5)
  A bullfrog (D:7)
  2 human zombies (Ossuary)
  2 centaur zombies (Ossuary)
  A hound (D:4)
  A jelly (D:7)
  An orc priest (D:4)
  3 iguanas
  2 orc wizards
  2 mummies (Ossuary)
  5 adders
  An ufetubus (D:5)
  3 adder zombies (Ossuary)
  A worm (D:3)
  3 dart slugs
  10 orcs
  4 bats
  5 endoplasms
  5 giant cockroaches
  10 goblins
  9 hobgoblins
  6 jackals
  9 kobolds
  5 quokkas
  6 ball pythons
  4 frilled lizards
  A goblin zombie (Ossuary)
  6 hobgoblin zombies (Ossuary)
  A jackal zombie (Ossuary)
  14 kobold zombies (Ossuary)
  6 orc zombies (Ossuary)
  7 rats
  2 rat zombies (Ossuary)
143 creatures vanquished.

Notes
Turn   | Place    | Note
-------+----------+-------------------------------------------
     0 | D:1      | ASSMAN the Demonspawn Transmuter began the quest for the
                  | Orb.
     0 | D:1      | Reached XP level 1. HP: 15/15 MP: 3/3
    80 | D:1      | Reached skill level 3 in Unarmed Combat
   222 | D:1      | Discovered your monstrous ancestry.
   222 | D:1      | Gained mutation: You have large cloven feet. [demonic
                  | ancestry]
   222 | D:1      | Reached XP level 2. HP: 16/21 MP: 5/5
   923 | D:2      | Gained mutation: You have sharp fingernails. [demonic
                  | ancestry]
   923 | D:2      | Reached XP level 3. HP: 20/26 MP: 6/6
  1064 | D:2      | Found a faded altar of an unknown god.
  1080 | D:2      | Reached skill level 4 in Unarmed Combat
  1532 | D:2      | Reached XP level 4. HP: 32/32 MP: 7/7
  2201 | D:3      | Reached skill level 5 in Unarmed Combat
  2401 | D:3      | Found a blossoming altar of Fedhas.
  2460 | D:4      | Found a shimmering altar of Xom.
  2524 | D:4      | Reached XP level 5. HP: 26/37 MP: 8/8
  2810 | D:4      | You are sucked into a shaft and drop 3 floors!
  2828 | D:6      | Noticed an orc warrior
  2836 | D:7      | Reached skill level 6 in Unarmed Combat
  2962 | D:7      | Reached XP level 6. HP: 36/43 MP: 9/9
  3136 | D:5      | Entered Level 5 of the Dungeon
  3154 | D:5      | Found a sparkling altar of Nemelex Xobeh.
  3269 | D:5      | Reached skill level 7 in Unarmed Combat
  3363 | D:5      | Found a sand-covered staircase.
  3370 | Ossuary  | Entered an ossuary
  3486 | Ossuary  | Gained mutation: You have hoof-like feet. [demonic
                  | ancestry]
  3486 | Ossuary  | Reached XP level 7. HP: 32/48 MP: 10/10
  3861 | D:5      | Reached skill level 8 in Unarmed Combat
  4994 | D:4      | Noticed a hornet
  4996 | D:4      | Paralysed by a hornet for 1 turns
  5001 | D:4      | Killed a hornet
  5002 | D:4      | Reached skill level 9 in Unarmed Combat
  5002 | D:4      | Reached XP level 8. HP: 47/54 MP: 11/11
  5061 | D:4      | Noticed Duvessa
  5071 | D:4      | Killed Duvessa
  5087 | D:4      | Noticed Dowan
  5096 | D:4      | Killed from afar by Dowan

Illustrated notes

Levels and vault maps discovered:
D:1:      lemuel_arrival_muddy, layout_basic, columned_hall_lemuel,
          grunt_decor_resistance
D:2:      layout_basic, chequers_ecumenical_altar_simple_redux, hex_intersection
D:3:      layout_rooms, fedhas_altar_4
D:4:      layout_gridville, lemuel_crystal_altar, uniq_duvessa
D:5:      layout_basic, nemelex_diamond_rough_becter,
          chequers_ossuary_entry_cave
D:6:      layout_loops_ring, general_overflow_altar,
          minmay_temple_entry_gardened_gates
D:7:      layout_rooms, kennysheep_slug_shrine

Skill      XL: |  1  2  3  4  5  6  7 |
---------------+----------------------+-----
Unarmed Combat | 3 4 5 6 7 9 |  9.4
Fighting       | |  1.0
Dodging        | |  1.7
Spellcasting   | |  2.0
Transmutations | |  1.7

Action                     |  1- 3 |  4- 6 |  7- 9 || total
---------------------------+-------+-------+-------++-------
  Melee: Unarmed           |   122 |   176 |   107 ||   405
         Kick              |    21 |    49 |    35 ||   105
         Punch             |     5 |     7 |     5 ||    17
  Evoke: Wand              |       |       |     1 ||     1
    Use: Potion            |       |     1 |       ||     1
         Scroll            |       |       |     7 ||     7
   Stab: Sleeping          |     3 |       |       ||     3
         Paralysed         |       |       |     3 ||     3
 Armour: Robe              |    26 |     4 |       ||    30
         Scale mail        |       |    46 |    35 ||    81
         Leather armour    |       |     2 |       ||     2
  Dodge: Dodged            |    69 |    92 |    24 ||   185

Table legend: (Time is in decaauts)
 A = Elapsed time spent in this place.
 B = Non-inter-level travel time spent in this place.
 C = Inter-level travel time spent in this place.
 D = Time resting spent in this place.
 E = Time spent auto-exploring this place.
 F = Levels seen in this place.
 G = Mean time per level.
                   A        B        C        D        E       F      G
               +--------+--------+--------+--------+--------+-----+--------+
         Total |   5030 |   4841 |    189 |    513 |   3444 |   8 |  628.8 |
       Dungeon |   4744 |   4555 |    189 |    513 |   3313 |   7 |  677.7 |
       Ossuary |    286 |    286 |      0 |      0 |    131 |   1 |  286.0 |
               +--------+--------+--------+--------+--------+-----+--------+

Top non-repeatable levels by time:
     D:5: 1490 daAuts
     D:1: 887 daAuts
     D:2: 768 daAuts
     D:3: 762 daAuts
     D:4: 532 daAuts
 Ossuary: 286 daAuts
     D:7: 187 daAuts
     D:6: 115 daAuts
